 Dungeon Crawl Stone Soup version 0.19.1-1-g22dce08 (webtiles) character file.

240 Alarkh the Chopper (level 5, 0/45 HPs)
             Began as a Draconian Monk on Jan 18, 2017.
             Slain by Crazy Yiuf
             ... wielding a +3 quarterstaff of chaos
              (9 damage)
             ... while paralysed by Crazy Yiuf
             ... on level 3 of the Dungeon.
             The game lasted 00:02:38 (2824 turns).

Alarkh the Chopper (Draconian Monk)                 Turns: 2824, Time: 00:02:38

Health: 0/45       AC:  5    Str: 14    XL:     5   Next: 80%
Magic:  5/5        EV:  2    Int: 11    God:
Gold:   146        SH:  0    Dex: 18    Spells: 0 memorised, 4 levels left

rFire  . . .     SeeInvis .     a - +0 hand axe
rCold  . . .     Gourm    .     (armour unavailable)
rNeg   . . .     Faith    .     (no shield)
rPois  .         Spirit   .     (helmet restricted)
rElec  .         Reflect  .     (no cloak)
rCorr  .         Harm     .     (no gloves)
MR     +....                    (no boots)
Stlth  +++.......               (no amulet)
                                v - +2 ring of evasion
                                f - ring of protection from magic

@: paralysed, agile
A: unfitting armour, cold-blooded, AC +5
a: no special abilities


You were on level 3 of the Dungeon.
You were not hungry.

You visited 1 branch of the dungeon, and saw 3 of its levels.

You collected 146 gold pieces.

Inventory:

Hand Weapons
 a - a +0 hand axe (weapon)
Jewellery
 f - a ring of protection from magic (left hand)
 o - an uncursed ring of see invisible
 v - a +2 ring of evasion (right hand)
Scrolls
 i - a scroll of remove curse {unknown}
 k - a scroll of magic mapping {unknown}
 m - a scroll of recharging {unknown}
 n - a scroll of fear {unknown}
 p - a scroll of enchant weapon {unknown}
 q - a scroll of enchant armour {unknown}
 s - a scroll of teleportation {unknown}
 x - 2 scrolls of immolation {unknown}
Potions
 c - a potion of brilliance {unknown}
 d - a potion of curing {unknown}
 e - a potion of beneficial mutation {unknown}
 g - a potion of ambrosia
 h - a potion of agility
 t - a potion of resistance {unknown}
 w - a potion of flight {unknown}
Books
 r - a book of Minor Magic

   Spells                             Type                      Level
   a - Magic Dart                     Conjuration                  1
   b - Blink                          Translocation                2
   c - Call Imp                       Summoning                    2
   d - Repel Missiles                 Charms/Air                   2
   e - Slow                           Hexes                        2
   f - Conjure Flame                  Conjuration/Fire             3
   g - Mephitic Cloud                 Conjuration/Poison/Air       3
Comestibles
 b - 6 bread rations
 j - 2 meat rations
 l - 3 fruits
 u - a chunk of flesh
 z - a royal jelly


   Skills:
 - Level 3.2 Fighting
 + Level 6.6 Axes
 - Level 2.6 Dodging
 - Level 1.7 Stealth


You had 4 spell levels left.
You didn't know any spells.

Dungeon Overview and Level Annotations

Branches:
Dungeon (3/15)

Altars:
Dithmenos

Annotations:
D:3 Crazy Yiuf


Innate Abilities, Weirdness & Mutations

Your plain brown scales are hard. (AC +5)
You cannot fit into any form of body armour.
You are cold-blooded and may be slowed by cold attacks.


Message History

You see here a mace.
It was a potion of agility.
You feel agile all of a sudden.
You open the door.
Crazy Yiuf the Enlightened comes into view.
He is wielding a quarterstaff of chaos.
Crazy Yiuf shouts!
Found eight maces.
Crazy Yiuf cries, "Buddy!
Ice sizzlefizz cower."
There is an open door here.
You barely miss Crazy Yiuf.
Crazy Yiuf hits you with a quarterstaff of chaos!
You suddenly lose the ability to move!
Crazy Yiuf hits you with a quarterstaff of chaos!
Crazy Yiuf burns you.
Crazy Yiuf whimpers, "Island infinity unthinkable!"
Crazy Yiuf hits you with a quarterstaff of chaos!
* * * LOW HITPOINT WARNING * * *
Crazy Yiuf laughs, "Adder mumblescurry hand!"
Crazy Yiuf hits you with a quarterstaff of chaos!
You die...

#############...##
#..### ######..##.
#.......... #####
#.####.#.## #).)#
#.####.#.## #)))#
#.##...#.## #)g)#
#.##....... #@#
##.##.....##
###### ♣)♣♣
#.........# .....#
♣♣)♣ ##........#
####.# ♣)♣♣
######.### #.#
♣♣)♣ #.# #.# ♣♣)♣♣
##'## #.# ♣♣..)♣
##...## #.# ♣....♣
##.....## ##.##
#....# ##.......#


You could see Crazy Yiuf.

Vanquished Creatures
  A sky beast (D:3)
  A hound skeleton (D:3)
  7 adders
  5 leopard geckos
  5 giant cockroaches
  7 goblins
  4 hobgoblins
  10 jackals
  8 kobolds
  3 quokkas
  A ball python (D:3)
  2 bats
  4 frilled lizards
  8 rats
66 creatures vanquished.

Notes
Turn   | Place    | Note
-------+----------+-------------------------------------------
     0 | D:1      | Alarkh the Draconian Monk began the quest for the Orb.
     0 | D:1      | Reached XP level 1. HP: 19/19 MP: 1/1
   165 | D:1      | Reached XP level 2. HP: 26/26 MP: 2/2
   623 | D:2      | Reached skill level 4 in Axes
   920 | D:2      | Reached XP level 3. HP: 30/31 MP: 3/3
  1274 | D:2      | Reached XP level 4. HP: 36/38 MP: 4/4
  1281 | D:2      | Reached skill level 5 in Axes
  1509 | D:3      | Found a shadowy altar of Dithmenos.
  1623 | D:3      | Found a runed door.
  1704 | D:3      | Noticed a sky beast
  1984 | D:3      | Killed a sky beast
  1984 | D:3      | Reached skill level 6 in Axes
  1984 | D:3      | Reached XP level 5. HP: 35/45 MP: 5/5
  2819 | D:3      | Noticed Crazy Yiuf
  2821 | D:3      | Paralysed by Crazy Yiuf for 3 turns
  2824 | D:3      | Slain by Crazy Yiuf

Skill      XL: |  1  2  3  4 |
---------------+-------------+-----
Axes           | 4 6 |  6.6
Fighting       | |  3.2
Dodging        | |  2.6
Stealth        | |  1.7

Action                   |  1- 3 |  4- 6 || total
-------------------------+-------+-------++-------
Melee: Hand axe          |   117 |   109 ||   226
       Tailslap          |    15 |    15 ||    30
  Use: Potion            |       |     3 ||     3
 Stab: Sleeping          |     2 |     5 ||     7
  Eat: Chunk             |     1 |     5 ||     6
Armor: Skin              |    40 |    39 ||    79
Dodge: Dodged            |   108 |    85 ||   193
